 Dungeon Crawl Stone Soup version 0.27.0-1-g7a089689b8 (console) character file.

Game seed: 16994424191791383966

1474957 gammafunk the Pyromancer (level 27, 178/178 HPs)
             Began as a Kobold Hedge Wizard on Aug 14, 2021.
             Was the Champion of Vehumet.
             Escaped with the Orb
             ... and 3 runes on Aug 15, 2021!
             The game lasted 08:14:03 (103502 turns).

gammafunk the Pyromancer (Kobold Hedge Wizard)    Turns: 103502, Time: 08:14:04

Health: 178/178    AC: 11    Str:  8    XL:     27
Magic:  46/46      EV: 27    Int: 31    God:    Vehumet [******]
Gold:   7286       SH:  0    Dex: 16    Spells: 11/64 levels left

rFire    + + .     SeeInvis .   b - staff of conjuration {!a}
rCold    + . .     Faith    .   (shield currently unavailable)
rNeg     . . .     Spirit   .   l - +2 robe {rC+ rF+}
rPois    .         Reflect  .   Y - +2 helmet {Int+3}
rElec    .         Harm     .   W - scarf {+Inv}
rCorr    .         Rampage  .   p - +0 pair of fencer's gloves {Riposte Dex+3}
Will     +++..     Rnd*Rage +   Q - +2 pair of boots {Stlth+}
Stlth    +++.......             N - amulet of magic regeneration
HPRegen  1.39/turn              w - ring of Depac {Fire Fly Will+ Dex-4}
MPRegen  0.55/turn              M - ring of Pugoiz {Wiz Int+3 Stlth+}

@: flying, studying Shields
A: small, no large weapons, nightstalker 3, berserk 1, cold resistance 1,
regeneration 1, MP-powered wands
0: Orb of Zot
}: 3/15 runes: decaying, serpentine, silver
a: Renounce Religion, Evoke Invisibility


You escaped.
You worshipped Vehumet.
Vehumet was exalted by your worship.
You visited 10 branches of the dungeon, and saw 52 of its levels.
You also visited: Ice Cave.

You collected 11542 gold pieces.
You spent 4256 gold pieces at shops.


Innate Abilities, Weirdness & Mutations

You are small and have problems with some larger weapons.
You are completely attuned to the shadows.
You tend to lose your temper in combat.
Your flesh is cold resistant. (rC+)
Your natural rate of healing is unusually fast.
You expend magic power (3 MP) to strengthen your wands.


   Skills:
 - Level 19.7 Fighting
 - Level 20.0 Dodging
 - Level 14.0 Stealth
 - Level 3.6 Shields
 - Level 19.2 Spellcasting
 + Level 23.8 Conjurations
 - Level 3.6 Hexes
 - Level 2.0 Summonings
 - Level 5.1 Translocations
 + Level 23.8 Fire Magic
 - Level 12.0 Earth Magic
 - Level 14.6 Evocations


You had 11 spell levels left.
You knew the following spells:

 Your Spells              Type           Power      Damage    Failure   Level
b - Iskenderun's Mystic   Conj/Tloc      100%       2d19      1%          4
c - Lehudib's Crystal Sp  Conj/Erth      59%        10d14     1%          8
f - Fire Storm            Conj/Fire      79%        8d20      1%          9
i - Iskenderun's Battles  Conj           100%       2d15      0%          5
l - Fireball              Conj/Fire      79%        3d29      0%          5
m - Magic Dart            Conj           100%       1d8       0%          1
n - Ignition              Fire           66%        3d18      1%          8
s - Searing Ray           Conj           100%       3d7       0%          2
t - Bolt of Magma         Conj/Fire/Erth 74%        4d28      0%          5
y - Sticky Flame          Conj/Fire      100%       2d11      0%          4
B - Blink                 Tloc           N/A        N/A       1%          2

Your spell library contained the following spells:

 Spells                   Type           Power      Damage    Failure   Level
 Shatter                  Erth           40%        3d32*     61%         9
 Maxwell's Capacitive Co  Air            14%        ∞         99%         8
 Foxfire                  Conj/Fire      100%       2x1d9     0%          1
 Sandblast                Erth           100%       2d20      0%          1
 Shock                    Conj/Air       100%       1d9       0%          1
 Conjure Flame            Conj/Fire      100%       6-21      0%          3
 Dazzling Flash           Conj/Hex       100%       N/A       0%          3
 Inner Flame              Hex/Fire       100%       N/A       0%          3
 Stone Arrow              Conj/Erth      100%       3d13      0%          3
 Animate Skeleton         Necr           58%        N/A       1%          1
 Apportation              Tloc           100%       N/A       1%          1
 Beastly Appendage        Tmut           58%        N/A       1%          1
 Corona                   Hex            56%        N/A       1%          1
 Pain                     Necr           100%       1d9       1%          1
 Sting                    Tmut/Pois      100%       1d8       1%          1
 Summon Small Mammal      Summ           100%       N/A       1%          1
 Call Imp                 Summ           42%        N/A       1%          2
 Corpse Rot               Necr/Air       N/A        N/A       1%          2
 Ensorcelled Hibernation  Hex/Ice        82%        N/A       1%          2
 Passwall                 Tmut/Erth      50%        N/A       1%          2
 Poisonous Vapours        Pois/Air       58%        N/A       1%          2
 Slow                     Hex            51%        N/A       1%          2
 Sublimation of Blood     Necr           14%        N/A       1%          2
 Wereblood                Tmut           29%        N/A       1%          2
 Call Canine Familiar     Summ           42%        N/A       1%          3
 Confusing Touch          Hex            51%        N/A       1%          3
 Frozen Ramparts          Ice            58%        1d7       1%          3
 Gell's Gravitas          Tloc           28%        N/A       1%          3
 Ignite Poison            Fire/Tmut/Pois 87%        N/A       1%          3
 Mephitic Cloud           Conj/Pois/Air  87%        N/A       1%          3
 Ozocubu's Armour         Ice            29%        N/A       1%          3
 Portal Projectile        Hex/Tloc       100%       N/A       1%          3
 Spider Form              Tmut/Pois      14%        N/A       1%          3
 Summon Guardian Golem    Hex/Summ       47%        N/A       1%          3
 Swiftness                Air            29%        N/A       1%          3
 Teleport Other           Tloc           57%        N/A       1%          3
 Tukima's Dance           Hex            51%        N/A       1%          3
 Vampiric Draining        Necr           14%        2d8       1%          3
 Airstrike                Air            14%        N/A       1%          4
 Animate Armour           Summ/Erth      100%       N/A       1%          4
 Cause Fear               Hex            25%        N/A       1%          4
 Fulminant Prism          Conj/Hex       53%        3d23      1%          4
 Hailstorm                Conj/Ice       100%       3d20      1%          4
 Leda's Liquefaction      Hex/Erth       33%        N/A       1%          4
 Olgreb's Toxic Radiance  Pois           29%        N/A       1%          4
 Passage of Golubria      Tloc           N/A        N/A       1%          4
 Borgnjor's Vile Clutch   Necr/Erth      30%        N/A       1%          5
 Freezing Cloud           Conj/Ice/Air   43%        6-21      1%          5
 Irradiate                Conj/Tmut      50%        3d30      1%          5
 Lee's Rapid Deconstruct  Erth           40%        3d21*     1%          5
 Lightning Bolt           Conj/Air       50%        1d71      1%          5
 Conjure Ball Lightning   Conj/Air       50%        3x3d17    1%          6
 Orb of Destruction       Conj           66%        9d18      1%          7
 Yara's Violent Unravell  Hex/Tmut       20%        3d9       2%          5
 Summon Ice Beast         Ice/Summ       36%        N/A       3%          4
 Summon Lightning Spire   Summ/Air       36%        N/A       3%          4
 Summon Forest            Summ/Tloc      25%        N/A       3%          5
 Summon Mana Viper        Hex/Summ       47%        N/A       4%          5
 Animate Dead             Necr           14%        N/A       5%          4
 Ice Form                 Ice/Tmut       29%        N/A       5%          4
 Silence                  Hex/Air        20%        N/A       7%          5
 Dispersal                Tloc           28%        N/A       10%         6
 Agony                    Necr           29%        N/A       14%         5
 Alistair's Intoxication  Tmut/Pois      19%        N/A       14%         5
 Invisibility             Hex            25%        N/A       17%         6
 Eringya's Noxious Bog    Tmut/Pois      14%        N/A       21%         6
 Shadow Creatures         Summ           N/A        N/A       32%         6
 Death Channel            Necr           14%        N/A       58%         6
 Simulacrum               Ice/Necr       14%        N/A       58%         6
 Chain Lightning          Conj/Air       50%        3d67      63%         9
 Malign Gateway           Summ/Tloc      25%        N/A       65%         7
 Ozocubu's Refrigeration  Ice            14%        4d7       65%         7
 Monstrous Menagerie      Summ           21%        N/A       86%         7
 Summon Hydra             Summ           21%        N/A       86%         7
 Dragon Form              Tmut           14%        N/A       98%         7
 Storm Form               Tmut/Air       14%        N/A       98%         7
 Disjunction              Tloc           28%        N/A       98%         8
 Discord                  Hex            25%        N/A       99%         8
 Borgnjor's Revivificati  Necr           14%        N/A       100%        8
 Necromutation            Tmut/Necr      14%        N/A       100%        8
 Death's Door             Necr           14%        N/A       100%        9
 Dragon's Call            Summ           21%        N/A       100%        9
 Polar Vortex             Ice            14%        N/A       100%        9

Inventory:

Missiles
 L - 3 throwing nets {=f}
Armour
 h - a +2 robe of willpower
 l - a +2 robe of resistance (worn)
 p - the +0 pair of fencer's gloves (worn) {Riposte Dex+3}
   (You found it on level 3 of the Crypt)

   It allows the wearer to riposte with any weapon, or to riposte more often
   with a long blade, swiftly retaliating against a missed attack.
   Dex:       It affects your dexterity (+3).
 B - a scarf of resistance
 Q - a +2 pair of boots of stealth (worn)
 W - a scarf of invisibility (worn)
 Y - a +2 helmet of intelligence (worn)
Magical Staves
 a - a staff of fire {!a}
 b - a staff of conjuration (weapon) {!a}
Jewellery
 e - the ring of the Townfolk {EV+4 Str+2 Int+4 Stlth-}
   (You acquired it on level 2 of the Elven Halls)

   [ring of evasion]

   EV:        It affects your evasion (+4).
   Str:       It affects your strength (+2).
   Int:       It affects your intelligence (+4).
   Stlth:     It makes you less stealthy.
 v - a ring of see invisible
 w - the ring of Depac (left hand) {Fire Fly Will+ Dex-4}
   (You found it on level 3 of the Lair of Beasts)

   [ring of fire]

   It enhances your fire magic.
   Dex:       It affects your dexterity (-4).
   rF:        It protects you from fire.
   rC:        It makes you vulnerable to cold.
   Fly:       It grants you flight.
   Will:      It increases your willpower.
 C - a ring of protection from cold
 E - the ring of Vilosel {rElec rPois rCorr Dex+4}
   (You bought it in a shop on level 2 of the Depths)

   [ring of resist corrosion]

   Dex:       It affects your dexterity (+4).
   rElec:     It insulates you from electricity.
   rPois:     It protects you from poison.
   rCorr:     It protects you from acid and corrosion.
 M - the ring of Pugoiz (right hand) {Wiz Int+3 Stlth+}
   (You took it off a vault sentinel on level 5 of the Vaults)

   [ring of wizardry]

   It improves your spell success rate.
   Int:       It affects your intelligence (+3).
   Stlth:     It makes you more stealthy.
 N - an amulet of magic regeneration (around neck)
Wands
 o - a wand of acid (9)
 q - a wand of paralysis (34)
 t - a wand of digging (5)
 y - a wand of charming (8)
 A - a wand of mindburst (19)
 Z - a wand of iceblast (57)
Scrolls
 f - 17 scrolls of identify {@r1}
 k - 8 scrolls of fear
 r - 3 scrolls of enchant armour
 s - 24 scrolls of teleportation {@r2}
 z - 9 scrolls of vulnerability
 D - 2 scrolls of fog
 F - 3 scrolls of holy word
 O - 2 scrolls of blinking
 T - 3 scrolls of amnesia
Potions
 d - 13 potions of curing {@q1}
 g - 4 potions of ambrosia
 j - 5 potions of mutation
 m - 8 potions of resistance
 n - 3 potions of haste {@q3}
 x - 8 potions of heal wounds {@q2}
 J - 7 potions of brilliance
 U - 6 potions of cancellation
 V - 4 potions of flight
 X - a potion of magic
Miscellaneous
 c - a box of beasts
 i - a lightning rod (4/4)
 u - a tin of tremorstones (2/2)
 H - a phantom mirror
 K - a condenser vane
 P - a phial of floods

Dungeon Overview and Level Annotations

Branches:
Dungeon (15/15)            Temple (0/1) D:5            Lair (6/6) D:8
  Swamp (4/4) Lair:2        Snake (4/4) Lair:3        Slime (0/5) Lair:6
    Orc (2/2) D:12            Elf (3/3) Orc:2        Vaults (5/5) D:14
  Crypt (3/3) Vaults:3       Tomb (0/3) Crypt:3      Depths (5/5) D:15
    Zot (5/5) Depths:5      IceCv (visited)

Altars:
Ashenzari
Dithmenos
Fedhas
Makhleb
Nemelex Xobeh
Qazlal
Sif Muna
Uskayaw
Vehumet
Wu Jian
Yredelemnul
The Shining One
Beogh

Shops:
D:2 *   D:9 (   D:11 (   D:13 =   Orc:1 *   Orc:2 ([?=!   Snake:3 *([[
Vaults:1 [   Vaults:5 (   Depths:2 =(=   Depths:3 ?

Portals:
Hell: Depths:1 Depths:2 Depths:3 Depths:4 Depths:5
Abyss: Lair:6 Depths:2 Depths:4
Pandemonium: Depths:1 Depths:3 Depths:4 Depths:5
Ziggurat: Depths:4
Trove: Elf:3 (give 2 scrolls of acquirement)

Annotations:
Lair:4 exclusion: downstairs
Lair:6 exclusions: 2 oklob plants and upstairs
Snake:4 Vashnia
Elf:2 3 runed translucent doors
Depths:3 exclusion: door

#.############
##################.#
#........>.........#
##.###########.################
#.# #................. #.#
#.################ #.#
#................. #.#
#'################ #.#
#@................ #.#
######################## #.#
#.....# #.... #.# #.....#
####.### #.# #.....# #.....#
#.#####.....# #.....#
#.....'.....# #)....##
#######.....# #.....## #.....#
#.....##


There were no monsters in sight!


Message History

A Brimstone Fiend comes into view.
Unknown command.
The Brimstone Fiend roars!
You fly upwards.
There is a stone staircase leading down here.
You start resting.
HP restored.
A shadow demon comes into view.
Unknown command.
Unknown command.
Casting: Lehudib's Crystal Spear (mildly dangerous; 1% risk of failure)
Confirm with . or Enter, or press ? or * to list all spells.
Aiming: Lehudib's Crystal Spear (mildly dangerous; 1% risk of failure)
Press: ? - help, Shift-Dir - straight line, f - shadow demon
Aim: a shadow demon (79% to hit)
You feel a surge of power!
The crystal spear hits the shadow demon!!!
You kill the shadow demon!
Vehumet accepts your kill.
You feel your power returning.
Unknown command.
Aiming: Dig
Press: ? - help, Shift-Dir - straight line A rock wall.
This square is covered in magical glow.
You feel a surge of power!
The rock shatters into small pieces.
There is an open door here.
There is a staircase leading out of the dungeon here.
Magic restored.
You have escaped!

Skill      XL: |  1  2  3  4  5  6  7  8  9 10 11 12 13 14 15 16 17 18 19 20 21 22 23 24 25 26 27 |
---------------+----------------------------------------------------------------------------------+-----
Conjurations   | 2 3 4 6 7 8 9 11 12 13 14 15 17 18 19 20 21 23 | 23.8
Summonings     | 2 |  2.0
Fighting       | 2 3 5 8 10 11 13 14 15 19 | 19.7
Dodging        | 5 6 8 10 11 12 13 15 20 | 20.0
Spellcasting   | 5 7 9 11 13 16 18 19 | 19.2
Evocations     | 2 5 8 10 12 14 | 14.6
Stealth        | 5 9 10 14 | 14.0
Hexes          | 3 |  3.6
Fire Magic     | 2 5 7 10 12 13 15 16 18 19 20 21 23 | 23.8
Shields        | 3 |  3.6
Earth Magic    | 8 12 | 12.0
Translocations | 5 |  5.1

Action                   |  1- 3 |  4- 6 |  7- 9 | 10-12 | 13-15 | 16-18 | 19-21 | 22-24 | 25-27 || total
-------------------------+-------+-------+-------+-------+-------+-------+-------+-------+-------++-------
Melee: Trident           |     7 |       |       |     5 |       |       |       |       |       ||    12
       Staff             |       |       |       |       |       |       |       |       |     4 ||     4
 Cast: Magic Dart        |    98 |    36 |    26 |     3 |       |       |       |       |       ||   163
       Call Imp          |    14 |     8 |       |       |       |       |       |       |       ||    22
       Searing Ray       |       |    17 |    66 |   125 |   124 |    42 |     1 |     1 |       ||   376
       Mephitic Cloud    |       |       |     4 |    30 |     1 |       |       |       |       ||    35
       Foxfire           |       |       |     1 |     7 |       |       |       |       |       ||     8
       Iskenderun's Myst |       |       |       |    24 |    52 |     1 |     2 |       |     7 ||    86
       Fulminant Prism   |       |       |       |    11 |     5 |       |       |       |       ||    16
       Blink             |       |       |       |     6 |     2 |    11 |     1 |     9 |    10 ||    39
       Freezing Cloud    |       |       |       |       |    91 |    32 |     1 |       |       ||   124
       Iskenderun's Batt |       |       |       |       |    39 |   113 |   150 |   120 |    12 ||   434
       Fireball          |       |       |       |       |    51 |   367 |   366 |    84 |    36 ||   904
       Sticky Flame      |       |       |       |       |    41 |    41 |     8 |     4 |     6 ||   100
       Bolt of Magma     |       |       |       |       |       |   105 |   165 |   502 |   107 ||   879
       Ignition          |       |       |       |       |       |       |     7 |    29 |    19 ||    55
       Fire Storm        |       |       |       |       |       |       |       |    20 |   325 ||   345
       Lehudib's Crystal |       |       |       |       |       |       |       |       |   264 ||   264
 Abil: Evoke Invisibilit |       |       |       |       |     6 |     8 |     4 |     8 |    12 ||    38
Evoke: Wand              |       |     1 |     2 |    36 |     7 |     3 |     8 |     4 |    52 ||   113
       Tin of tremorston |       |       |       |       |     1 |       |       |       |       ||     1
       Phantom mirror    |       |       |       |       |       |     3 |       |     3 |     5 ||    11
       Box of beasts     |       |       |       |       |       |     3 |       |     2 |     4 ||     9
       Lightning rod     |       |       |       |       |       |       |       |     2 |    13 ||    15
  Use: Scroll            |     4 |     3 |     7 |    13 |    17 |    12 |     6 |     5 |    17 ||    84
       Potion            |       |       |       |     5 |       |     7 |       |     3 |    22 ||    37
 Stab: Confused          |       |       |       |     1 |       |       |       |       |       ||     1
Armor: Robe              |     5 |     3 |     8 |     1 |    23 |    26 |    10 |     9 |    33 ||   118
       Troll leather arm |       |       |       |    36 |     7 |       |       |       |       ||    43
Dodge: Dodged            |    23 |    20 |    45 |   136 |   221 |   145 |    93 |   116 |   194 ||   993
       Rpst.: Falchion   |       |       |       |     4 |       |       |       |       |       ||     4
       Staff             |       |       |       |       |       |       |       |     3 |    22 ||    25

Levels and vault maps discovered:
D:1:      wheals_arrival_linesprint, layout_basic, minivault_24
D:2:      layout_loops_ring, shapermc_ecumenical_altar_rom_forum, serial_shops,
          nicolae_shop_stone, basic_altar, uniq_sigmund
D:3:      layout_loops_ring, nicolae_uskayaw_dance_hall
D:4:      minmay_polygon_palace, layout_basic, mainiacjoe_overflow_catwalk
D:5:      minmay_angry_zag, layout_basic, minmay_temple_entry_antechambers
D:6:      layout_cave_pods
D:7:      layout_rooms, chequers_temple_overflow_statue_of_worship,
          grunt_temple_overflow_open
D:8:      layout_basic, lair_entry_dummy, kennysheep_path_1,
          nicolae_water_bricks
D:9:      minmay_the_grid_four_pointed_star
          [minmay_the_grid_triangle_9x9_skeleton,
          minmay_the_grid_triangle_9x9_wacky_v,
          minmay_the_grid_triangle_9x9_impossible_snake,
          minmay_the_grid_triangle_9x9_warning,
          minmay_the_grid_prize_diamond_cup], layout_basic, serial_shops, shop
D:10:     layout_loops_cross
D:11:     layout_basic, ebering_ghost_disaster_area, serial_shops,
          nicolae_square_shop, minmay_joined_circles, uniq_maurice
D:12:     layout_basic, david_orc_3, st_stairs_4
D:13:     layout_stronghold, serial_shops, shop
D:14:     layout_small_grid, skrybe_vaults_entry_preservation,
          minmay_beelzebubs_servants
D:15:     grunt_enter_depths_snipers, layout_basic, corexii_corridor_pit
Lair:1:   kb_forest_paths, layout_misc_corridors
Lair:2:   layout_regular_city, swamp_mist_pool, grunt_megastairs_4,
          infiniplex_staircase_pool
Lair:3:   layout_roguey, minmay_snake_entry_guardpost_small,
          gammafunk_ghost_icy, minivault_26, grunt_megastairs_2,
          serial_bayou_shore_b, infiniplex_staircase_pool_2, uniq_fannar
Lair:4:   layout_cave_pods, beast_lair_carwin_5, minmay_lair_oklob_chamber,
          lemuel_fruit_tree, uniq_urug
Lair:5:   layout_hall_layers, st_stairs_3, minmay_lair_oklob_items,
          serial_bayou_crossing, uniq_rupert
Lair:6:   hangedman_lair_caniforms_friends, layout_gridlike,
          hangedman_lair_tendril_chambers, minmay_slime_entry_oklob_open,
          gammafunk_ghost_abyssal_escape, serial_bayou_shore_b
Swamp:1:  layout_basic_swamp, evilmike_swamp_ruin_rubble_2, swamp_pool1
Swamp:2:  layout_falls_marsh, nicolae_swamp_big_swirl, uniq_louise, uniq_jorgrun
Swamp:3:  layout_basic_swamp, serial_swamp_ruin, evilmike_swamp_ruin_house_3,
          hangedman_swamp_ruin_wall, evilmike_swamp_ruin_house_4, uniq_mara
Swamp:4:  byrel_swamp_growth_death_and_undeath, layout_basic_swamp,
          portal_ice_cave_entry_ugly_swarm
Snake:1:  layout_grid_shapes
Snake:2:  layout_basic
Snake:3:  layout_basic, grunt_megastairs_5, minmay_shoptagon,
          serial_bayou_shore_b, serial_bayou_shore_a
Snake:4:  grunt_snake_rune_serpentine_throne, layout_chambers,
          nicolae_snake_gridmaze_big_u, drop_trap, nicolae_snake_linked_coils,
          uniq_aizul
Orc:1:    cheibrodos_orc_guarddog, layout_diamond_mine, basic_altar,
          nicolae_shop_clearance
Orc:2:    grunt_orc_community_town_hall, layout_caves,
          grunt_orc_community_big_house_2, grunt_orc_community_big_house_2,
          grunt_orc_community_house_3, grunt_orc_community_house_2,
          grunt_orc_community_house_1, grunt_orc_community_house_1,
          grunt_orc_community_house_3, grunt_orc_community_house_3,
          gammafunk_ghost_arena, serial_shops, nicolae_diamond_shop,
          uniq_nessos, uniq_erolcha, uniq_donald
Elf:1:    minmay_elf_arrival_summoners, layout_onion_city,
          minmay_elf_demonology, lemuel_upstairs_altar
Elf:2:    nicolae_elf_blades_crystal_corner, layout_loops_corners
Elf:3:    grunt_elf_hall_diamonds, layout_loops_cross,
          nicolae_trove_entry_free_sample
Vaults:1: vaults_dpeg_ring, v_misc_4, nicolae_vaults_border_crossing, v_misc_2,
          grunt_vaults_funnel, nicolae_vaults_network_square, v_misc_8,
          nicolae_vaults_little_squares_5, ontoclasm_vaults_gateway,
          layout_vaults_ring, serial_shops, shop
Vaults:2: vaults_mumra_chevron, v_misc_1, st_octagons_2, vaults_dpeg_cross,
          vaults_room_ringed_pool, nicolae_vaults_mini_display_case,
          nicolae_vaults_little_squares_4, vaults_room_corners,
          nicolae_vaults_little_squares_1, layout_vaults_chaotic_city
Vaults:3: gammafunk_vaults_ghost_spectres, nicolae_vaults_triangles,
          nicolae_vaults_big_ls, nicolae_vaults_theta, st_spiral_rooms,
          v_misc_27, ontoclasm_vaults_tryst, v_misc_27, grunt_vaults_diagonal,
          nicolae_vaults_gold_heap, layout_vaults_quadrants,
          minmay_crypt_entry_simple_box, uniq_saint_roka
Vaults:4: nicolae_vaults_little_ls, v_misc_5, vaults_room_hallway,
          hangedman_vaults_stagger, hangedman_vaults_impose,
          hangedman_vaults_pinch, v_pattern_2, v_misc_24,
          nicolae_vaults_network_quinsquares
          [nicolae_vaults_network_quincunx_subvault,
          nicolae_vaults_network_quincunx_subvault,
          nicolae_vaults_network_quincunx_subvault,
          nicolae_vaults_network_quincunx_subvault], layout_vaults_maze_snakey,
          serial_shops, nicolae_diamond_shop
Vaults:5: serial_shops
Crypt:1:  layout_basic, minmay_misc_feat_ornament
Crypt:2:  layout_rooms
Crypt:3:  due_elkab, layout_chaotic_city, nicolae_tomb_entry_grand_gallery
Depths:1: layout_cave_pools, pf_coc_iceberg, pan_entry, lemuel_blue_sif_altar,
          nrook_uturn, minmay_librarian, serial_bayou_shore_b
Depths:2: minmay_inner_zag, layout_long_grid, hell_entry, abyss_entry_crystal,
          hangedman_decor_peaks_small, nzn_wu_jian_contemplation,
          infiniplex_staircase_door_maze, firewood_loft, minmay_shop_star
Depths:3: minmay_ambush_box, layout_small_grid, grunt_hell_horde, serial_shops,
          nicolae_shop_crystal, nicolae_tso_carved_into_rock,
          gammafunk_ghost_grave, rand_demon_pan_entry_4, minmay_staircase_bubble
Depths:4: kennysheep_cluttered_fort, layout_basic, enter_ziggurat_b,
          abyss_entry_small_statue_room, pan_entry, grunt_hell_entry_dis_mu,
          moated_statue, serial_bayou_shore_b
Depths:5: grunt_zot_entry_funnels, layout_long_grid, nrook_pool_corridor,
          pan_entry, hell_entry, grunt_dithmenos_smoke_and_mirrors, uniq_margery
Zot:1:    layout_concentric_octagons, grunt_ministairs_1
Zot:2:    layout_cellular_growth, skrybe_zot_glass_2
Zot:3:    layout_basic, zot_minivault_7
Zot:4:    layout_twisted_circle
Zot:5:    layout_misc_corridors

Notes
Turn   | Place    | Note
-------+----------+-------------------------------------------
     0 | D:1      | gammafunk the Kobold Hedge Wizard began the quest for the
                  | Orb.
     0 | D:1      | Reached XP level 1. HP: 10/10 MP: 4/4
   473 | D:1      | Reached skill level 2 in Conjurations
   473 | D:1      | Reached XP level 2. HP: 15/15 MP: 1/6
   554 | D:1      | Learned a level 2 spell: Call Imp
  1159 | D:1      | Reached XP level 3. HP: 17/19 MP: 3/7
  1162 | D:1      | Reached skill level 2 in Summonings
  1277 | D:1      | Learned a level 3 spell: Conjure Flame
  1280 | D:1      | Learned a level 2 spell: Blink
  2475 | D:2      | Found a radiant altar of Vehumet.
  2480 | D:2      | Became a worshipper of Vehumet
  2488 | D:2      | Found a faded altar of an unknown god.
  2493 | D:2      | Got Plato's Tome of Venom
  2551 | D:2      | Noticed Sigmund
  2808 | D:2      | Found Ekaoruc's Assorted Antiques.
  2813 | D:2      | Bought a scroll of identify for 44 gold pieces
  2813 | D:2      | Bought a scroll labelled CEAVEV CIBA for 22 gold pieces
  3038 | D:3      | Reached XP level 4. HP: 24/24 MP: 4/9
  3087 | D:3      | Learned a level 2 spell: Searing Ray
  3619 | D:3      | Reached skill level 3 in Conjurations
  3728 | D:3      | Reached XP level 5. HP: 20/28 MP: 2/10
  3979 | D:3      | Found a hide-covered altar of Uskayaw.
  3985 | D:3      | Reached skill level 4 in Conjurations
  3985 | D:3      | Reached skill level 1 in Fighting
  4237 | D:3      | Reached skill level 2 in Fighting
  4439 | D:3      | Reached XP level 6. HP: 35/35 MP: 4/11
  4735 | D:4      | Reached * piety under Vehumet
  4735 | D:4      | Offered knowledge of Sandblast by Vehumet.
  5246 | D:4      | Identified 2 potions of resistance
  5250 | D:4      | Found a burning altar of Makhleb.
  5441 | D:4      | Reached skill level 5 in Conjurations
  5738 | D:2      | Killed Sigmund
  5739 | D:2      | Reached skill level 6 in Conjurations
  5739 | D:2      | Reached skill level 3 in Fighting
  5739 | D:2      | Reached XP level 7. HP: 41/41 MP: 6/12
  5743 | D:2      | Learned a level 3 spell: Mephitic Cloud
  6091 | D:2      | Bought a wooden ring for 110 gold pieces
  7171 | D:4      | Reached skill level 7 in Conjurations
  7171 | D:4      | Reached XP level 8. HP: 46/46 MP: 10/13
  7304 | D:5      | Entered Level 5 of the Dungeon
  7418 | D:2      | Bought a cloak for 99 gold pieces
  7418 | D:2      | Bought a transparent trident for 187 gold pieces
  7418 | D:2      | Identified the +3 trident of the Smoking Gnat {venom, rElec
                  | rC- rCorr Int-4} (You bought it in a shop on level 2 of the
                  | Dungeon)
  7581 | D:5      | Reached skill level 4 in Fighting
  7712 | D:5      | Noticed a yak
  7747 | D:5      | Killed a yak
  7748 | D:5      | Reached skill level 5 in Fighting
  7748 | D:5      | Reached skill level 3 in Dodging
  7887 | D:5      | Reached skill level 4 in Dodging
  8121 | D:5      | Offered knowledge of Foxfire by Vehumet.
  8124 | D:5      | Learned a level 1 spell: Foxfire
  8146 | D:5      | Found a staircase to the Ecumenical Temple.
  8196 | D:5      | Reached ** piety under Vehumet
  8197 | D:5      | Reached skill level 5 in Dodging
  8197 | D:5      | Reached skill level 4 in Spellcasting
  8445 | D:5      | Reached skill level 5 in Spellcasting
  8780 | D:6      | Reached skill level 1 in Evocations
  8861 | D:6      | Reached skill level 2 in Evocations
  8895 | D:6      | Reached XP level 9. HP: 54/54 MP: 11/16
  8896 | D:6      | Reached skill level 3 in Evocations
  8910 | D:6      | Noticed a seven-headed hydra
  8968 | D:6      | Reached skill level 3 in Stealth
  9029 | D:6      | Reached skill level 4 in Stealth
  9119 | D:6      | Reached skill level 5 in Stealth
  9305 | D:6      | Reached skill level 8 in Conjurations
  9310 | D:6      | Learned a level 4 spell: Fulminant Prism
  9476 | D:6      | Reached skill level 1 in Hexes
  9514 | D:6      | Reached skill level 2 in Hexes
  9514 | D:6      | Reached skill level 1 in Fire Magic
  9644 | D:6      | Reached skill level 2 in Fire Magic
  9973 | D:7      | Reached skill level 4 in Evocations
 10016 | D:7      | Found a radiant altar of Vehumet.
 10137 | D:7      | Found a broken altar of Ashenzari.
 10179 | D:7      | Found a stormy altar of Qazlal.
 10230 | D:7      | Reached skill level 5 in Evocations
 10518 | D:7      | Found a sparkling altar of Nemelex Xobeh.
 10518 | D:7      | Found a shadowy altar of Dithmenos.
 10519 | D:7      | Found an ornate altar of the Wu Jian Council.
 10526 | D:7      | Offered knowledge of Poisonous Vapours by Vehumet.
 10535 | D:7      | Reached skill level 3 in Hexes
 10543 | D:7      | Reached XP level 10. HP: 52/59 MP: 2/17
 10652 | D:7      | Reached *** piety under Vehumet
 11018 | D:8      | Found a staircase to the Lair.
 11246 | D:8      | Reached skill level 6 in Spellcasting
 11380 | D:8      | Offered knowledge of Iskenderun's Mystic Blast by Vehumet.
 11384 | D:8      | Reached skill level 9 in Conjurations
 11941 | D:8      | Identified the +6 war axe of Scorn {vamp, rPois rC+ Stlth-}
 12400 | D:8      | Reached skill level 7 in Spellcasting
 12405 | D:8      | Learned a level 4 spell: Iskenderun's Mystic Blast
 12723 | D:9      | Reached skill level 6 in Fighting
 12893 | D:9      | Found Methiugg's Antique Weapon Emporium.
 13277 | D:9      | Noticed a centaur warrior
 13876 | D:9      | Reached **** piety under Vehumet
 13879 | D:9      | Reached skill level 7 in Fighting
 13885 | D:9      | Offered knowledge of Airstrike by Vehumet.
 14309 | D:10     | Entered Level 10 of the Dungeon
 14391 | D:10     | Reached skill level 8 in Fighting
 14798 | D:10     | Identified the +8 falchion "Pujog" {freeze, rF+}
 14845 | D:10     | Reached skill level 6 in Dodging
 14845 | D:10     | Reached XP level 11. HP: 67/68 MP: 15/21
 14890 | D:10     | Noticed a centaur warrior
 14897 | D:10     | Killed a centaur warrior
 14898 | D:10     | Reached skill level 7 in Dodging
 14900 | D:10     | Reached skill level 8 in Dodging
 15798 | D:11     | Reached skill level 3 in Fire Magic
 16228 | D:11     | Noticed Maurice
 16237 | D:11     | Noticed a two-headed ogre
 16238 | D:11     | Killed Maurice
 16239 | D:11     | Reached skill level 4 in Fire Magic
 16277 | D:11     | Killed a two-headed ogre
 16278 | D:11     | Reached skill level 5 in Fire Magic
 16278 | D:11     | Reached skill level 10 in Conjurations
 16414 | D:11     | Found Sefimuj's Weapon Boutique.
 16451 | D:11     | Found a large runed translucent door.
 16451 | D:11     | Found a large runed translucent door.
 16457 | D:11     | Noticed robertstho's ghost (journeyman MiHu)
 16932 | D:11     | Noticed a six-headed hydra
 16975 | D:11     | Noticed a two-headed ogre
 16985 | D:11     | Reached skill level 11 in Conjurations
 17334 | D:11     | Noticed a manticore
 17335 | D:11     | Noticed a moth of wrath
 17335 | D:11     | a manticore changed into a moth of wrath
 17341 | D:11     | Killed a moth of wrath
 17342 | D:11     | Reached XP level 12. HP: 75/75 MP: 22/22
 17410 | D:11     | Reached skill level 9 in Fighting
 17663 | D:11     | Identified the +0 robe of Unambiguity {rF+ Str+4}
 17848 | D:11     | Noticed a two-headed ogre
 17882 | D:11     | Killed a two-headed ogre
 17883 | D:11     | Reached skill level 10 in Fighting
 18104 | D:11     | Reached skill level 9 in Dodging
 18125 | D:11     | Noticed a sun demon
 18272 | Lair:1   | Entered Level 1 of the Lair of Beasts
 18426 | Lair:1   | Reached skill level 10 in Dodging
 18610 | Lair:1   | Reached skill level 8 in Spellcasting
 18800 | Lair:1   | Noticed a five-headed hydra
 19182 | Lair:1   | Killed a five-headed hydra
 19183 | Lair:1   | Reached skill level 9 in Spellcasting
 19400 | Lair:1   | Reached ***** piety under Vehumet
 19517 | Lair:1   | Offered knowledge of Olgreb's Toxic Radiance by Vehumet.
 19532 | Lair:1   | Reached XP level 13. HP: 82/82 MP: 22/26
 19583 | Lair:1   | Reached skill level 10 in Spellcasting
 20070 | Lair:2   | Reached skill level 11 in Spellcasting
 20230 | Lair:2   | Reached skill level 1 in Shields
 20294 | Lair:2   | Reached skill level 2 in Shields
 20392 | Lair:2   | Found a staircase to the Swamp.
 20773 | Lair:2   | Reached skill level 3 in Shields
 21351 | Lair:2   | Identified 4 scrolls of acquirement
 21351 | Lair:2   | Acquired a scarf of invisibility
 21363 | Lair:2   | Acquired the Handbook of Arcane Weapons and Flames
 21365 | Lair:2   | Acquired a staff of conjuration
 21367 | Lair:2   | Acquired a book of the Moon
 21400 | Lair:3   | Learned a level 5 spell: Freezing Cloud
 21421 | Lair:3   | Found a runed translucent gate.
 21422 | Lair:3   | Found a runed translucent gate.
 21427 | Lair:3   | Found a runed translucent gate.
 21500 | Lair:3   | Learned a level 5 spell: Iskenderun's Battlesphere
 21598 | Lair:3   | Noticed an eight-headed hydra
 21604 | Lair:3   | Killed an eight-headed hydra
 21818 | Lair:3   | Found a staircase to the Snake Pit.
 21922 | Lair:3   | Noticed Fannar
 21933 | Lair:3   | Killed Fannar
 21934 | Lair:3   | Reached skill level 12 in Conjurations
 22437 | Lair:3   | Noticed Best's ghost (journeyman KoEn)
 22718 | Lair:3   | Learned a level 5 spell: Fireball
 22992 | Lair:4   | Reached skill level 6 in Fire Magic
 23107 | Lair:4   | Identified the +4 ring mail "Sokkoala" {Rampage Str-5
                  | Slay+3}
 23380 | Lair:4   | Reached skill level 7 in Fire Magic
 23385 | Lair:4   | Reached XP level 14. HP: 67/88 MP: 4/29
 23660 | Lair:4   | Reached skill level 8 in Fire Magic
 23760 | Lair:4   | Offered knowledge of Iron Shot by Vehumet.
 23951 | Lair:4   | Reached skill level 9 in Fire Magic
 24253 | Lair:4   | Noticed Urug
 24267 | Lair:4   | Killed Urug
 24671 | Lair:5   | Learned a level 4 spell: Sticky Flame
 24911 | Lair:5   | Reached skill level 10 in Fire Magic
 25014 | Lair:5   | Reached skill level 6 in Evocations
 25416 | Lair:5   | Noticed Rupert
 25646 | Lair:6   | Entered Level 6 of the Lair of Beasts
 25651 | Lair:6   | Reached skill level 7 in Evocations
 25673 | Lair:6   | Reached skill level 8 in Evocations
 26074 | Lair:6   | Reached skill level 11 in Fighting
 26496 | Lair:6   | Reached XP level 15. HP: 88/95 MP: 11/30
 26497 | Lair:6   | Reached skill level 9 in Evocations
 26911 | Lair:6   | Reached skill level 10 in Evocations
 27095 | Lair:6   | Found a transporter.
 27144 | Lair:6   | Found a transporter.
 27173 | Lair:6   | Reached skill level 12 in Fighting
 27719 | Lair:6   | Reached skill level 13 in Fighting
 28514 | Lair:6   | Offered knowledge of Spellforged Servitor by Vehumet.
 29573 | Lair:6   | Found a staircase to the Slime Pits.
 29706 | Lair:3   | Killed Best's ghost
 29713 | Lair:3   | Reached skill level 13 in Conjurations
 29878 | Lair:3   | Identified the ring of Depac {Fire Fly Will+ Dex-4}
 30149 | D:9      | Identified the +5 demon blade of Kaghouv {drain, rElec
                  | Dex+3}
 30448 | D:9      | Acquired a +1 pair of boots of stealth
 31174 | D:11     | Reached XP level 16. HP: 104/104 MP: 27/31
 31564 | D:11     | Killed robertstho's ghost
 32503 | D:12     | Reached skill level 14 in Conjurations
 32583 | D:12     | Found a staircase to the Orcish Mines.
 33283 | Orc:1    | Entered Level 1 of the Orcish Mines
 33388 | Orc:1    | Offered knowledge of Eringya's Noxious Bog by Vehumet.
 34489 | Orc:2    | Entered Level 2 of the Orcish Mines
 34505 | Orc:2    | Noticed Donald
 34690 | Orc:2    | Reached skill level 11 in Fire Magic
 34785 | Orc:2    | Killed Donald
 34787 | Orc:2    | Noticed Nessos
 34789 | Orc:2    | Found a transporter.
 35289 | Orc:2    | Killed Nessos
 35678 | Orc:2    | Noticed Erolcha
 35685 | Orc:2    | Killed Erolcha
 35720 | Orc:2    | Found Osoduon's Jewellery Emporium.
 35728 | Orc:2    | Bought an amulet of magic regeneration for 390 gold pieces
 35766 | Orc:2    | Found a staircase to the Elven Halls.
 35777 | Orc:2    | Reached ****** piety under Vehumet
 35789 | Orc:2    | Offered knowledge of Yara's Violent Unravelling by Vehumet.
 35849 | Orc:2    | Found Xuunwem's Magic Scroll Shoppe.
 35854 | Orc:2    | Bought a scroll of magic mapping for 56 gold pieces
 35854 | Orc:2    | Bought a scroll of magic mapping for 56 gold pieces
 35854 | Orc:2    | Bought a scroll of identify for 32 gold pieces
 35976 | Orc:2    | Noticed Saint Roka
 36095 | Orc:2    | Reached skill level 12 in Fire Magic
 36479 | Orc:2    | Noticed Arex's ghost (journeyman DrMo)
 36488 | Orc:2    | Found a transporter.
 36749 | Orc:2    | Killed Saint Roka
 36750 | Orc:2    | Reached skill level 11 in Dodging
 37094 | Orc:2    | Found Ine Ciha's Distillery.
 37099 | Orc:2    | Bought a potion of invisibility for 96 gold pieces
 37099 | Orc:2    | Bought a potion of magic for 96 gold pieces
 37099 | Orc:2    | Bought a potion of cancellation for 96 gold pieces
 37099 | Orc:2    | Bought a potion of cancellation for 96 gold pieces
 37099 | Orc:2    | Bought a potion of brilliance for 48 gold pieces
 37101 | Orc:2    | Gained mutation: Your muscles are strong. (Str +2) [potion
                  | of mutation]
 37101 | Orc:2    | Gained mutation: Your system is resistant to poisons.
                  | (rPois) [potion of mutation]
 37327 | Orc:2    | Found Oluo's Antique Armour Emporium.
 37327 | Orc:2    | Found Kadioff's Antique Weapon Shoppe.
 37443 | Orc:1    | Found Renewnep's CLEARANCE SALE! EVERYTHING MUST GO!.
 37449 | Orc:1    | Bought a scroll of blinking for 30 gold pieces
 37642 | D:13     | Reached skill level 6 in Stealth
 37861 | D:13     | Reached skill level 7 in Stealth
 38297 | D:13     | Reached skill level 8 in Stealth
 38677 | D:13     | Found Ipnafeok's Jewellery Boutique.
 39339 | D:14     | Reached skill level 9 in Stealth
 39490 | D:14     | Reached XP level 17. HP: 109/109 MP: 32/32
 39705 | D:14     | Reached skill level 10 in Stealth
 39765 | D:14     | Offered knowledge of Bolt of Magma by Vehumet.
 40024 | D:14     | Found a gate to the Vaults.
 40045 | D:14     | Reached skill level 12 in Dodging
 40056 | D:14     | Learned a level 5 spell: Bolt of Magma
 40064 | D:14     | Reached skill level 1 in Earth Magic
 40222 | D:14     | Reached skill level 2 in Earth Magic
 40389 | D:14     | Reached skill level 3 in Earth Magic
 40524 | D:15     | Entered Level 15 of the Dungeon
 40586 | D:15     | Reached skill level 4 in Earth Magic
 40661 | D:15     | Reached skill level 5 in Earth Magic
 40954 | D:15     | Found a staircase to the Depths.
 40974 | D:15     | Reached skill level 6 in Earth Magic
 41295 | D:15     | Reached skill level 7 in Earth Magic
 42184 | Swamp:1  | Entered Level 1 of the Swamp
 42722 | Swamp:1  | Reached skill level 8 in Earth Magic
 42736 | Swamp:1  | Reached skill level 11 in Evocations
 43836 | Swamp:2  | Noticed Louise
 43849 | Swamp:2  | Reached skill level 12 in Evocations
 43855 | Swamp:2  | Killed Louise
 43905 | Swamp:2  | Offered knowledge of Ignition by Vehumet.
 44071 | Swamp:2  | Reached XP level 18. HP: 115/115 MP: 33/33
 44305 | Swamp:2  | Reached skill level 12 in Spellcasting
 44781 | Swamp:2  | Noticed Jorgrun
 44805 | Swamp:3  | Noticed Mara
 45044 | Snake:1  | Entered Level 1 of the Snake Pit
 45401 | Snake:1  | Reached skill level 13 in Spellcasting
 45947 | Snake:1  | Identified the +4 chain mail of Juyviunn {Will+ Str+2 Dex-4
                  | Stlth+}
 46243 | Snake:1  | Identified the +1 scale mail of the Desert {rPois Dex-2
                  | Stlth+}
 46445 | Snake:1  | Learned a level 8 spell: Ignition
 46588 | Snake:2  | Offered knowledge of Shatter by Vehumet.
 46588 | Snake:2  | Offered knowledge of Maxwell's Capacitive Coupling by
                  | Vehumet.
 47857 | Snake:3  | Reached skill level 13 in Fire Magic
 48348 | Snake:3  | Found Raatu's Weapon Boutique.
 48359 | Snake:3  | Found Jaumu's Armour Shop.
 48359 | Snake:3  | Found Dios's General Store.
 48362 | Snake:3  | Found Peoth's Armour Shop.
 48367 | Snake:3  | Bought a +0 helmet of intelligence for 138 gold pieces
 48723 | Orc:2    | Bought a scroll of enchant armour for 120 gold pieces
 48997 | Orc:2    | Killed Arex's ghost
 49697 | Snake:3  | Reached XP level 19. HP: 93/120 MP: 36/36
 49705 | Snake:3  | Reached skill level 14 in Fire Magic
 50957 | Snake:3  | Found Raatu's Weapon Boutique.
 50959 | Snake:3  | Found Jaumu's Armour Shop.
 51108 | Snake:3  | Found Dios's General Store.
 51111 | Snake:3  | Found Peoth's Armour Shop.
 51317 | Snake:4  | Entered Level 4 of the Snake Pit
 51802 | Snake:4  | Noticed Aizul
 51810 | Snake:4  | Killed Aizul
 52940 | Snake:4  | Reached skill level 15 in Fire Magic
 53299 | Snake:4  | Reached skill level 11 in Stealth
 53536 | Snake:4  | Reached skill level 12 in Stealth
 53657 | Snake:4  | Noticed Vashnia
 54144 | Snake:4  | Reached skill level 13 in Stealth
 54451 | Snake:4  | Got a serpentine rune of Zot
 54938 | Vaults:1 | Entered Level 1 of the Vaults
 55004 | Vaults:1 | Reached skill level 14 in Stealth
 55286 | Vaults:1 | Reached skill level 13 in Dodging
 55686 | Vaults:1 | Reached XP level 20. HP: 125/125 MP: 33/37
 55738 | Vaults:1 | Reached skill level 14 in Dodging
 55861 | Vaults:1 | Found Ruryrizo's Armour Shoppe.
 56425 | Vaults:1 | Reached skill level 15 in Dodging
 56655 | Vaults:1 | Reached skill level 14 in Fighting
 57363 | Elf:1    | Entered Level 1 of the Elven Halls
 58073 | Elf:1    | Reached skill level 13 in Evocations
 58149 | Elf:1    | Acquired a staff of fire
 58508 | Elf:1    | Got the Papyrus of the Entourage
 58617 | Elf:1    | Reached skill level 14 in Evocations
 59330 | Elf:1    | Identified the +1 leather armour of the Wilderness {-Tele
                  | Int+3 Dex+5 Slay+3}
 59371 | Elf:2    | Acquired the ring of the Townfolk {EV+4 Str+2 Int+4 Stlth-}
 59561 | Elf:2    | Identified the +6 lajatang "Rummage" {vorpal, rPois}
 60045 | Elf:2    | Found a runed translucent gate.
 60046 | Elf:2    | Found a runed translucent gate.
 60049 | Elf:2    | Found a runed translucent gate.
 60131 | Elf:2    | Reached XP level 21. HP: 128/128 MP: 38/38
 60133 | Elf:2    | Reached skill level 15 in Fighting
 62294 | Vaults:2 | Reached skill level 15 in Conjurations
 63112 | Vaults:3 | Found a staircase to the Crypt.
 63290 | Vaults:3 | Reached skill level 16 in Fire Magic
 63465 | Vaults:3 | Identified the +8 scythe of Day {elec, rC+ Int+3}
 63467 | Vaults:3 | Found a runed translucent gate.
 63475 | Vaults:3 | Found a runed translucent gate.
 63476 | Vaults:3 | Found a runed translucent gate.
 63482 | Vaults:3 | Noticed a curse skull
 63483 | Vaults:3 | Noticed Sianeop's ghost (adept GrFi)
 64620 | Vaults:3 | Reached XP level 22. HP: 133/140 MP: 38/39
 64853 | Vaults:3 | Reached skill level 16 in Conjurations
 66201 | Vaults:3 | Found a staircase to the Crypt.
 66249 | Vaults:3 | Found a runed translucent gate.
 66250 | Vaults:3 | Found a runed translucent gate.
 66251 | Vaults:3 | Found a runed translucent gate.
 66731 | Vaults:3 | Killed a curse skull
 66904 | Vaults:3 | Killed Sianeop's ghost
 67059 | Vaults:4 | Reached skill level 17 in Fire Magic
 67601 | Vaults:4 | Found Igeen's Jewellery Emporium.
 68635 | Crypt:1  | Entered Level 1 of the Crypt
 68827 | Crypt:1  | Reached skill level 17 in Conjurations
 69421 | Crypt:1  | You fall into a shaft and drop 1 floor!
 69578 | Crypt:1  | Reached skill level 18 in Fire Magic
 70080 | Crypt:1  | Reached XP level 23. HP: 144/144 MP: 31/40
 70947 | Crypt:2  | Reached skill level 14 in Spellcasting
 71377 | Crypt:3  | Entered Level 3 of the Crypt
 71411 | Crypt:3  | Reached skill level 18 in Conjurations
 71949 | Crypt:3  | Found a staircase to the Tomb.
 72626 | Crypt:3  | Reached skill level 15 in Spellcasting
 73449 | Crypt:3  | Noticed a curse toe
 73453 | Crypt:3  | Killed a curse toe
 73759 | Crypt:3  | Reached skill level 16 in Spellcasting
 73776 | Crypt:3  | Learned a level 9 spell: Fire Storm
 74039 | Crypt:3  | Noticed an ancient lich
 74431 | Crypt:3  | Identified the +5 chain mail of Bitterness {Will+}
 74556 | Crypt:3  | Killed an ancient lich
 74689 | Crypt:3  | Reached XP level 24. HP: 150/150 MP: 37/43
 74764 | Crypt:3  | Found the +0 pair of fencer's gloves {Riposte Dex+3}
 74766 | Crypt:3  | Identified the ring of Qalaev {rN+ Dex+2}
 74766 | Crypt:3  | Identified the ring "Gaboatym" {*Slow rF+ rN+ Will+}
 74789 | Crypt:3  | Identified the -3 helmet "Umahuip" {rElec Slay+5}
 75262 | Elf:3    | Entered Level 3 of the Elven Halls
 75554 | Elf:3    | Found a portal to a secret trove of treasure.
 76203 | Elf:3    | Identified the +8 whip "Ladunt" {holy, rPois rN+ Str-3
                  | Dex+4 Stlth-}
 76248 | Elf:3    | Identified the +6 trident "Biwirghym" {flame, rC+ Int+4}
 76428 | Elf:3    | Identified the +3 great sword "Odameeri" {vorpal, Int+5}
 76664 | Elf:3    | Reached skill level 19 in Fire Magic
 76915 | Elf:3    | Reached skill level 19 in Conjurations
 77119 | Elf:3    | Found the amulet of the Air {Inacc Air Fly rElec RMsl}
 77634 | Depths:1 | Entered Level 1 of the Depths
 78383 | Depths:1 | Found a one-way gate leading to the halls of Pandemonium.
 78709 | Depths:1 | Found a shimmering blue altar of Sif Muna.
 78914 | Depths:1 | Found a gateway to Hell.
 79326 | Depths:2 | Reached XP level 25. HP: 143/155 MP: 27/43
 79645 | Depths:2 | Found Ehef's Jewellery Boutique.
 79646 | Depths:2 | Found Rodovic's Antique Weapon Shop.
 79647 | Depths:2 | Found Simm's Jewellery Boutique.
 79650 | Depths:2 | Bought the ring of Vilosel {rElec rPois rCorr Dex+4} for
                  | 978 gold pieces
 80106 | Depths:2 | Found an ornate altar of the Wu Jian Council.
 80229 | Depths:2 | Found a one-way gate to the infinite horrors of the Abyss.
 80628 | Depths:3 | Reached skill level 20 in Fire Magic
 80630 | Depths:3 | Reached skill level 20 in Conjurations
 80863 | Depths:3 | Identified the +9 hand axe of Ethuo {speed, *Rage Int+3
                  | Dex+2}
 80904 | Depths:3 | You fall into a shaft and drop 2 floors!
 80904 | Depths:5 | Entered Level 5 of the Depths
 81106 | Depths:5 | Reached skill level 17 in Spellcasting
 81858 | Depths:3 | Found a runed translucent door.
 81859 | Depths:3 | Noticed AlmostDecent's ghost (adept GrFi)
 81892 | Depths:3 | Found a glowing golden altar of the Shining One.
 82426 | Depths:3 | Found Egaara's Magic Scroll Shoppe.
 82431 | Depths:3 | Bought a scroll of acquirement for 1092 gold pieces
 82431 | Depths:3 | Bought a scroll of amnesia for 73 gold pieces
 82431 | Depths:3 | Bought a scroll of amnesia for 73 gold pieces
 82444 | Depths:3 | Learned a level 8 spell: Lehudib's Crystal Spear
 82678 | Depths:3 | Reached skill level 18 in Spellcasting
 82928 | Depths:3 | Acquired 828 gold pieces
 83390 | Depths:4 | Found a gateway to a ziggurat.
 84450 | Depths:4 | Reached XP level 26. HP: 159/160 MP: 27/45
 85069 | Depths:5 | Found a shadowy altar of Dithmenos.
 85078 | Depths:5 | Acquired 814 gold pieces
 85330 | Depths:5 | Killed Margery
 86005 | Depths:5 | Found a gate to the Realm of Zot.
 86402 | Depths:3 | Killed AlmostDecent's ghost
 87604 | Lair:5   | Killed Rupert
 87604 | Lair:5   | Identified a potion of experience
 87605 | Lair:5   | Reached skill level 21 in Conjurations
 87605 | Lair:5   | Reached skill level 21 in Fire Magic
 87612 | Lair:5   | Reached skill level 5 in Translocations
 87612 | Lair:5   | Reached XP level 27. HP: 165/165 MP: 38/45
 88167 | Lair:6   | Noticed SkeletonJelly's ghost (journeyman MiGl)
 88171 | Lair:6   | Killed SkeletonJelly's ghost
 88594 | Swamp:2  | Killed Jorgrun
 88740 | Swamp:3  | Killed Mara
 89162 | Swamp:3  | Reached skill level 16 in Fighting
 89570 | Swamp:4  | Entered Level 4 of the Swamp
 89775 | Swamp:4  | Found a frozen archway.
 89788 | IceCv    | Entered an ice cave
 90350 | IceCv    | Reached skill level 17 in Fighting
 90355 | IceCv    | Noticed a shard shrike
 90359 | IceCv    | Killed a shard shrike
 90736 | IceCv    | Identified a +2 robe of resistance
 91604 | Swamp:4  | Reached skill level 18 in Fighting
 91654 | Swamp:4  | Found a blossoming altar of Fedhas.
 91681 | Swamp:4  | Got a decaying rune of Zot
 91705 | Swamp:4  | Found a basalt altar of Yredelemnul.
 91870 | Swamp:4  | Lost mutation: Your system is resistant to poisons. (rPois)
                  | [potion of mutation]
 91870 | Swamp:4  | Lost mutation: Your muscles are strong. (Str +2) [potion of
                  | mutation]
 91870 | Swamp:4  | Gained mutation: You expend magic power (3 MP) to
                  | strengthen your wands. [potion of mutation]
 91870 | Swamp:4  | Gained mutation: Your natural rate of healing is unusually
                  | fast. [potion of mutation]
 91871 | Swamp:4  | Lost mutation: Your natural rate of healing is unusually
                  | fast. [potion of mutation]
 91871 | Swamp:4  | Gained mutation: You are dopey. (Int -2) [potion of
                  | mutation]
 91871 | Swamp:4  | Gained mutation: You are strong-willed. (Will+) [potion of
                  | mutation]
 91871 | Swamp:4  | Gained mutation: Your natural rate of healing is unusually
                  | fast. [potion of mutation]
 91873 | Swamp:4  | Lost mutation: You are strong-willed. (Will+) [potion of
                  | mutation]
 91873 | Swamp:4  | Lost mutation: You are dopey. (Int -2) [potion of mutation]
 91873 | Swamp:4  | Gained mutation: Your flesh is cold resistant. (rC+)
                  | [potion of mutation]
 92240 | Vaults:5 | Entered Level 5 of the Vaults
 92407 | Vaults:5 | Reached skill level 16 in Dodging
 92756 | Vaults:5 | Noticed a dread lich
 92760 | Vaults:5 | Killed a dread lich
 92761 | Vaults:5 | Reached skill level 17 in Dodging
 92800 | Vaults:5 | Noticed a dread lich
 92803 | Vaults:5 | Killed a dread lich
 92804 | Vaults:5 | Reached skill level 18 in Dodging
 93569 | Vaults:5 | Reached skill level 19 in Spellcasting
 93768 | Vaults:5 | Found Tivih's Weapon Shoppe.
 93917 | Vaults:5 | Identified the +10 morningstar "Mutoyq" {antimagic, Fly
                  | rN+}
 93917 | Vaults:5 | Identified the amulet of Hoskel {Will+ Regen+ Slay+6}
 94161 | Vaults:5 | Identified the ring of Pugoiz {Wiz Int+3 Stlth+}
 95317 | Vaults:5 | Got a silver rune of Zot
 95379 | Vaults:5 | Noticed an ancient lich
 95382 | Vaults:5 | Killed an ancient lich
 95976 | Orc:2    | Bought a potion of mutation for 96 gold pieces
 95976 | Orc:2    | Bought a potion of curing for 36 gold pieces
 95976 | Orc:2    | Bought a potion of curing for 36 gold pieces
 95976 | Orc:2    | Bought a potion of curing for 36 gold pieces
 95976 | Orc:2    | Bought a potion of resistance for 120 gold pieces
 96211 | Zot:1    | Entered Level 1 of the Realm of Zot
 96405 | Zot:1    | Noticed an electric golem
 96413 | Zot:1    | Killed an electric golem
 96526 | Zot:2    | Reached skill level 22 in Conjurations
 96526 | Zot:2    | Reached skill level 22 in Fire Magic
 97280 | Zot:4    | Noticed a curse toe
 97283 | Zot:4    | Killed a curse toe
 97328 | Zot:4    | Reached skill level 19 in Dodging
 97474 | Zot:4    | Reached skill level 19 in Fighting
 97975 | Zot:5    | Entered Level 5 of the Realm of Zot
 98823 | Swamp:3  | Identified a scarf of resistance
 99474 | Zot:5    | Reached skill level 20 in Dodging
 99641 | Zot:5    | Noticed a dread lich
 99643 | Zot:5    | Killed a dread lich
 99644 | Zot:5    | Reached skill level 9 in Earth Magic
 99661 | Zot:5    | Noticed a curse toe
 99663 | Zot:5    | Killed a curse toe
 99720 | Zot:5    | Noticed an orb of fire
 99722 | Zot:5    | Gained mutation: You tend to lose your temper in combat.
                  | [an orb of fire]
 99724 | Zot:5    | Killed an orb of fire
 99725 | Zot:5    | Reached skill level 10 in Earth Magic
 99828 | Zot:5    | Noticed a Killer Klown
 99830 | Zot:5    | Killed a Killer Klown
 99853 | Zot:5    | Noticed a Killer Klown
 99855 | Zot:5    | Reached skill level 11 in Earth Magic
 99859 | Zot:5    | a Killer Klown changed into an alligator snapping turtle
100020 | Zot:5    | Noticed a Killer Klown
100025 | Zot:5    | Killed a Killer Klown
100061 | Zot:5    | Noticed a Killer Klown
100064 | Zot:5    | Killed a Killer Klown
100166 | Zot:5    | Noticed an orb of fire
100166 | Zot:5    | Noticed an electric golem
100170 | Zot:5    | Reached skill level 12 in Earth Magic
100171 | Zot:5    | Killed an electric golem
100171 | Zot:5    | Noticed a Killer Klown
100175 | Zot:5    | Killed a Killer Klown
100179 | Zot:5    | Killed an orb of fire
100337 | Zot:5    | Noticed a dread lich
100339 | Zot:5    | Killed a dread lich
100342 | Zot:5    | Noticed a Killer Klown
100344 | Zot:5    | Killed a Killer Klown
100411 | Zot:5    | Noticed a Killer Klown
100414 | Zot:5    | Killed a Killer Klown
100480 | Zot:5    | Noticed a Killer Klown
100482 | Zot:5    | Killed a Killer Klown
100857 | Zot:5    | Noticed a Killer Klown
100861 | Zot:5    | Killed a Killer Klown
100988 | Zot:5    | Noticed an electric golem
101003 | Zot:5    | Killed an electric golem
101111 | Zot:5    | Noticed a dread lich
101113 | Zot:5    | Killed a dread lich
101225 | Zot:5    | Reached skill level 23 in Conjurations
101225 | Zot:5    | Reached skill level 23 in Fire Magic
101251 | Zot:5    | Noticed a dread lich
101253 | Zot:5    | Killed a dread lich
101307 | Zot:5    | Noticed a curse toe
101309 | Zot:5    | Killed a curse toe
101312 | Zot:5    | Noticed a Killer Klown
101323 | Zot:5    | Killed a Killer Klown
101430 | Zot:5    | Noticed a Killer Klown
101456 | Zot:5    | Killed a Killer Klown
101653 | Zot:5    | Noticed a curse toe
101655 | Zot:5    | Killed a curse toe
102831 | Zot:5    | Got the Orb of Zot
103253 | D:10     | Noticed Ilor the pandemonium lord
103414 | D:2      | Noticed Dymiwn the pandemonium lord
103424 | D:2      | Killed Dymiwn the pandemonium lord
103502 | D:$      | Escaped with the Orb!

Vanquished Creatures
  A pandemonium lord (D:2)
  6 dread liches
  2 orbs of fire (Zot:5)
  Mara (Swamp:3)
  2 ancient liches
  A shard shrike (IceCv)
  Saint Roka (Orc:2)
  9 Killer Klowns (Zot:5)
  5 curse toes
  7 golden dragons
  2 bone dragons (Crypt:3)
  A Tzitzimitl (D:15)
  3 electric golems
  4 hellephants (Depths:3)
  Jorgrun (Swamp:2)
  6 liches
  13 tentacled monstrosities
  4 titans (Vaults:5)
  2 deep elf master archers (Elf:3)
  25 Orb Guardians
  A shard shrike skeleton (Crypt:1)
  2 deep elf blademasters
  Rupert (Lair:5)
  The ghost of AlmostDecent the Severer, an adept GrFi of Okawaru (Depths:3)
  3 quicksilver dragons
  3 sphinxes (Depths:3)
  5 death cobs
  2 thorn hunters (Swamp:4)
  6 ancient champions
  9 tengu reavers
  A storm dragon (shapeshifter) (Vaults:5)
  2 draconian monks (Zot:4)
  4 nagarajas (Snake:4)
  6 storm dragons
  A fenstrider witch (Swamp:2)
  2 revenants
  11 shadow dragons
  16 vault wardens
  Donald (Orc:2)
  7 fire giants
  A balrug (D:11)
  4 frost giants
  4 deep elf sorcerers
  7 ghost moths
  Louise (Swamp:2)
  A curse skull (Vaults:3)
  3 draconian scorchers (Zot:5)
  2 draconian shifters
  3 draconian stormcallers
  An orc warlord (Vaults:3)
  5 ghouls
  A hydra zombie (Swamp:4)
  Aizul (Snake:4)
  5 deep elf elementalists
  The ghost of Arex the Demon Slayer, a journeyman DrMo of the Shining One (Orc:2)
  13 ironbound preservers
  18 very ugly things
  3 reapers
  5 draconian annihilators
  4 caustic shrike skeletons (Crypt:3)
  5 war gargoyles
  A blood saint (Depths:1)
  14 stone giants
  Nessos (Orc:2)
  The ghost of SkeletonJelly the Cruncher, a journeyman MiGl of Uskayaw (Lair:6)
  7 vampire knights
  8 green draconians
  7 deep elf annihilators
  8 deep elf demonologists
  11 black draconians
  11 yellow draconians
  5 dire elephants (Vaults:3)
  6 bunyips
  5 white draconians
  8 purple draconians
  A lorocyproca (Depths:3)
  2 merfolk javelineers
  8 red draconians
  10 deep elf death magi
  5 spark wasps
  5 eidola
  A blizzard demon (Depths:1)
  14 ettins
  A crystal guardian (Vaults:1)
  3 eleionomae
  5 deep elf high priests
  4 jiangshi
  8 fire dragons
  A merfolk impaler (Depths:1)
  9 yaktaur captains
  8 great orbs of eyes
  Fannar (Lair:3)
  3 shambling mangroves (Swamp:4)
  7 naga warriors
  The ghost of Best the Unseen, a journeyman KoEn of Gozag (Lair:3)
  An ogre mage (D:9)
  10 ironbound thunderhulks
  4 rakshasas
  2 catoblepae
  A boulder beetle (D:13)
  2 hydras (shapeshifter)
  14 ice dragons
  2 salamander tyrants (Snake:4)
  9 ironbound frosthearts
  7 two-headed ogres
  3 peacekeepers
  27 vault guards
  28 hydras
  A ghost crab (Swamp:3)
  7 spriggan air magi
  12 anacondas
  2 death knights
  10 dancing weapons
  7 vampire magi
  4 alligators
  7 centaur warriors
  6 tengu warriors
  13 deep troll shamans
  6 hell hogs (Depths:3)
  2 titan zombies (Crypt:1)
  3 death yaks (Lair:4)
  9 deep troll earth magi
  8 ironbound beastmasters
  3 soul eaters
  12 deep elf knights
  Urug (Lair:4)
  A storm dragon zombie (Crypt:1)
  12 shock serpents
  2 orc high priests (Orc:2)
  A shock serpent (shapeshifter) (Depths:5)
  7 spriggan berserkers
  A sun demon (D:11)
  8 naga sharpshooters (Snake:4)
  8 hell knights
  3 titan skeletons (Crypt:3)
  36 skeletal warriors
  A storm dragon skeleton (Crypt:3)
  3 sea snakes (Snake:3)
  A sixfirhy (Depths:3)
  9 iron trolls
  7 cyclopes
  5 goliath frogs
  2 shadow demons
  10 spriggan druids
  An infernal demonspawn (Depths:1)
  A cherub (D:6)
  3 shadow wraiths (Crypt:2)
  11 flayed ghosts
  6 naga ritualists
  6 swamp dragons
  A sphinx zombie (Vaults:1)
  3 bog bodies
  3 spectral hydras (Swamp:4)
  A golden dragon skeleton (Crypt:3)
  5 deep elf archers
  58 deep trolls
  A gelid demonspawn (Depths:1)
  11 lindwurms
  25 ironbound convokers
  3 glowing orange brains
  11 wizards
  9 necromancers
  7 orc knights
  18 deep elf zephyrmancers
  A goliath frog zombie (Crypt:1)
  3 orc sorcerers (Orc:2)
  15 phantasmal warriors
  2 anaconda skeletons (Crypt:3)
  38 deep elf pyromancers
  7 oklob plants
  2 frost giant zombies
  2 orb spiders (shapeshifter)
  2 wolf spiders (Lair:6)
  8 harpies
  A stone giant zombie (Crypt:1)
  8 mana vipers
  56 ugly things
  2 will-o-the-wisps (Swamp:2)
  22 moths of wrath
  8 salamanders
  An iron dragon skeleton (Crypt:3)
  6 manticores
  2 fire giant skeletons
  A rust devil (Depths:3)
  2 fire giant zombies
  Maurice (D:11)
  4 frost giant skeletons
  A toenail golem (Depths:3)
  2 stone giant skeletons (Crypt:3)
  46 black mambas
  14 naga magi
  12 guardian serpents
  18 cane toads
  15 vault sentinels
  8 orange demons
  An eye of devastation (shapeshifter) (Depths:2)
  A yaktaur zombie (Vaults:4)
  3 dire elephant skeletons
  A hellion (Lair:6)
  A shock serpent skeleton (Crypt:3)
  16 rime drakes
  A kobold demonologist (D:11)
  An unseen horror (D:12)
  15 komodo dragons
  27 yaktaurs
  5 guardian mummies (Crypt:3)
  2 efreet
  13 freezing wraiths
  2 hellwings (D:15)
  A death yak skeleton (Crypt:3)
  3 human zombies (Vaults:4)
  5 red devils
  A swamp worm zombie (Crypt:3)
  15 trolls
  3 meliai (D:13)
  A polar bear (shapeshifter) (D:14)
  30 polar bears
  A minotaur skeleton (Crypt:3)
  A death drake zombie (Swamp:4)
  4 tyrant leeches
  A large abomination (Zot:4)
  A bloated husk (Swamp:2)
  A tengu simulacrum (Vaults:4)
  A troll (shapeshifter) (Depths:2)
  A wind drake (shapeshifter) (D:9)
  A blink frog (shapeshifter) (D:15)
  9 hornets
  2 raiju (Lair:6)
  34 slime creatures
  43 blink frogs
  4 dream sheep (Lair:6)
  4 hydra skeletons
  A snapping turtle (shapeshifter) (Depths:4)
  A centaur simulacrum (D:13)
  Sigmund (D:2)
  A ynoxinul (Lair:6)
  2 black mamba zombies (Crypt:2)
  An alligator skeleton (Crypt:1)
  A vampire (D:11)
  3 ettin skeletons
  24 spriggans
  18 water elementals
  2 ice dragon skeletons (Crypt:3)
  7 shadows
  18 wyverns
  A spriggan (shapeshifter) (Vaults:5)
  A tarantella (shapeshifter) (Elf:2)
  2 fire dragon skeletons
  A redback (Lair:6)
  47 yaks
  8 wraiths
  A fire elemental (Elf:3)
  A golden eye (D:11)
  12 vampire mosquitoes
  3 steam dragons
  3 basilisks
  A water nymph zombie (Crypt:3)
  28 nagas
  A warg (shapeshifter) (Elf:2)
  17 wargs
  3 acid dragons
  14 swamp worms
  4 hydra simulacra
  30 water moccasins
  A floating eye (Depths:5)
  13 hell hounds (Lair:6)
  A dream sheep zombie (Crypt:1)
  32 orc warriors
  A sky beast (D:6)
  6 swamp drakes
  8 ogres
  12 black bears
  A black mamba simulacrum (Lair:3)
  A swamp dragon zombie (Swamp:4)
  A boggart (Vaults:2)
  17 wolves
  3 necrophages
  A manticore skeleton (Crypt:1)
  6 centaurs
  A phantom (D:5)
  A rime drake skeleton (Crypt:1)
  4 kobold brigands
  15 bullfrogs
  4 scorpions
  A water moccasin zombie (D:6)
  An earth elemental (Elf:2)
  2 wyvern zombies
  2 cane toad simulacra
  A cyclops skeleton (Crypt:1)
  A hornet simulacrum (D:15)
  2 water moccasin skeletons
  A troll zombie (Crypt:3)
  A warg skeleton (Crypt:1)
  A spriggan skeleton (Crypt:3)
  29 wights
  6 howler monkeys
  8 electric eels
  5 centaur zombies
  A bullfrog skeleton (D:5)
  3 hounds
  23 orc priests
  A centaur skeleton (D:4)
  3 gnoll shamans
  2 jellies
  A scorpion zombie (Crypt:2)
  29 orc wizards
  A polar bear simulacrum (Lair:3)
  A yak simulacrum (Lair:3)
  A dwarf zombie (Crypt:2)
  A hound zombie (Crypt:3)
  2 hound skeletons (D:4)
  7 mummies (Crypt:3)
  A howler monkey zombie (D:8)
  17 gnolls
  2 howler monkey skeletons
  13 adders
  A shadow imp (D:8)
  A white imp (D:7)
  A halfling zombie (Crypt:2)
  A halfling skeleton (Crypt:3)
  An iguana skeleton (Crypt:2)
  3 worms
  96 orcs
  3 ball pythons
  3 endoplasms
  5 giant cockroaches
  12 goblins
  10 hobgoblins
  4 jackals
  3 quokkas
  9 bats
  5 frilled lizards
  A frilled lizard zombie (Crypt:1)
  A jackal zombie (Crypt:3)
  23 kobolds
  A kobold skeleton (Crypt:2)
  An orc zombie (Crypt:3)
  A quokka skeleton (D:4)
  5 rats
  2 fire vortices
  A fulminant prism (Lair:1)
2299 creatures vanquished.

Vanquished Creatures (collateral kills)
  A Killer Klown (Zot:5)
  Margery (Depths:5)
  A golden dragon (Vaults:5)
  The ghost of Sianeop the Warrior, an adept GrFi of Cheibriados (Vaults:3)
  An Orb Guardian (Zot:5)
  A sphinx (Depths:3)
  A frost giant (Vaults:5)
  A draconian scorcher (Zot:2)
  A vault warden (Vaults:5)
  A vampire knight (Crypt:3)
  A green draconian (Zot:4)
  A yellow draconian (Zot:2)
  An eidolon (Vaults:3)
  The ghost of robertstho the Archer, a journeyman MiHu of Okawaru (D:11)
  A yaktaur captain (Vaults:5)
  A vault guard (Vaults:5)
  A hydra (D:11)
  Erolcha (Orc:2)
  An ice dragon (Depths:3)
  An alligator snapping turtle (Zot:5)
  A titan skeleton (Crypt:3)
  An orange crystal statue (IceCv)
  An orc knight (Vaults:5)
  An ugly thing (IceCv)
  A moth of wrath (Zot:5)
  A hydra skeleton (Swamp:4)
  A naga (Snake:4)
  A hydra simulacrum (Swamp:4)
  An orc warrior (Orc:2)
  A hound (D:3)
  An orc wizard (Orc:2)
  3 gnolls (D:3)
  An adder (D:3)
  A worm (D:2)
  A jackal (D:1)
  2 quokkas (D:1)
39 creatures vanquished.

Vanquished Creatures (others)
  An eldritch tentacle (Zot:5)
  A vault warden (Vaults:5)
  A shock serpent (Snake:4)
  A rime drake (IceCv)
  A yaktaur (Vaults:5)
  An orc (Orc:2)
  293 fire vortices
  19 foxfires
  15 fulminant prisms
  51 fungi
  121 plants
505 creatures vanquished.

Grand Total: 2843 creatures vanquished

Table legend: (Time is in decaauts)
 A = Elapsed time spent in this place.
 B = Non-inter-level travel time spent in this place.
 C = Inter-level travel time spent in this place.
 D = Time resting spent in this place.
 E = Time spent auto-exploring this place.
 F = Levels seen in this place.
 G = Mean time per level.
                   A        B        C        D        E       F      G
               +--------+--------+--------+--------+--------+-----+--------+
         Total | 103998 |  94732 |   9266 |  33730 |  38126 |  53 | 1962.2 |
       Dungeon |  28538 |  24698 |   3840 |   8477 |   9856 |  15 | 1902.5 |
          Lair |  13839 |  12620 |   1219 |   4967 |   5204 |   6 | 2306.5 |
         Swamp |   5210 |   4740 |    470 |   1732 |   1990 |   4 | 1302.5 |
     Snake Pit |   8919 |   8388 |    531 |   2809 |   3585 |   4 | 2229.8 |
  Orcish Mines |   4997 |   4502 |    495 |   2240 |   1140 |   2 | 2498.5 |
   Elven Halls |   5404 |   5029 |    375 |   1379 |   2225 |   3 | 1801.3 |
        Vaults |  14293 |  13730 |    563 |   4477 |   6365 |   5 | 2858.6 |
         Crypt |   6384 |   6228 |    156 |   2317 |   2410 |   3 | 2128.0 |
        Depths |   9492 |   8441 |   1051 |   3142 |   3910 |   5 | 1898.4 |
           Zot |   5934 |   5371 |    563 |   1853 |   1013 |   5 | 1186.8 |
      Ice Cave |    983 |    983 |      0 |    337 |    426 |   1 |  983.0 |
               +--------+--------+--------+--------+--------+-----+--------+

Top non-repeatable levels by time:
Vaults:3: 4377 daAuts
  Lair:6: 4065 daAuts
   Zot:5: 3620 daAuts
 Crypt:3: 3590 daAuts
    D:11: 3580 daAuts
Vaults:5: 3549 daAuts
 Snake:4: 3340 daAuts
     D:9: 2922 daAuts
   Orc:2: 2833 daAuts
  Lair:5: 2539 daAuts
 Snake:3: 2468 daAuts
Vaults:1: 2443 daAuts
Vaults:2: 2321 daAuts
Depths:3: 2301 daAuts
   Orc:1: 2164 daAuts

Table legend:
 A = Non-vault XP
 B = Vault XP
 C = Vault XP percentage of total XP
 D = Non-vault monster count
 E = Vault monster count
 F = Vault count percentage of total count
                 A         B        C        D         E       F
            +---------+---------+-------+---------+---------+-------
      Total |  793397 |  860116 |  52.0 |    1371 |     945 |  40.8
            +---------+---------+-------+---------+---------+-------
        D:1 |      47 |       0 |   0.0 |      30 |       0 |   0.0
        D:2 |      39 |     227 |  85.3 |      17 |       1 |   5.6
        D:3 |     203 |       0 |   0.0 |      23 |       0 |   0.0
        D:4 |     146 |     367 |  71.5 |      16 |      23 |  59.0
        D:5 |     398 |     437 |  52.3 |       7 |       6 |  46.2
        D:6 |    2404 |       0 |   0.0 |      27 |       0 |   0.0
        D:7 |     865 |       0 |   0.0 |      31 |       0 |   0.0
        D:8 |    1714 |       0 |   0.0 |      29 |       0 |   0.0
        D:9 |    1186 |    4400 |  78.8 |      20 |       9 |  31.0
       D:10 |    3204 |       0 |   0.0 |      13 |       0 |   0.0
       D:11 |    4988 |    9426 |  65.4 |      24 |      24 |  50.0
       D:12 |    5018 |     668 |  11.7 |      11 |       9 |  45.0
       D:13 |   10059 |       0 |   0.0 |      18 |       0 |   0.0
       D:14 |    4323 |    9105 |  67.8 |      10 |      18 |  64.3
       D:15 |   16919 |    3110 |  15.5 |      26 |       3 |  10.3
     Lair:1 |    7168 |    3818 |  34.8 |      26 |      17 |  39.5
     Lair:2 |    3189 |    1304 |  29.0 |      12 |       6 |  33.3
     Lair:3 |    3801 |    4672 |  55.1 |      12 |      16 |  57.1
     Lair:4 |    8021 |    3955 |  33.0 |      25 |      11 |  30.6
     Lair:5 |    5416 |    3222 |  37.3 |      20 |       3 |  13.0
     Lair:6 |   18584 |   26757 |  59.0 |      57 |     102 |  64.2
    Swamp:1 |   11405 |       0 |   0.0 |      17 |       0 |   0.0
    Swamp:2 |   16977 |    4591 |  21.3 |      34 |       2 |   5.6
    Swamp:3 |   14287 |    8225 |  36.5 |      24 |       1 |   4.0
    Swamp:4 |    6140 |   35485 |  85.2 |      15 |      52 |  77.6
    Snake:1 |   19192 |       0 |   0.0 |      42 |       0 |   0.0
    Snake:2 |   10362 |       0 |   0.0 |      20 |       0 |   0.0
    Snake:3 |   24391 |    1998 |   7.6 |      42 |       4 |   8.7
    Snake:4 |    9477 |   27433 |  74.3 |      18 |      35 |  66.0
      Orc:1 |    3317 |    1142 |  25.6 |      45 |       7 |  13.5
      Orc:2 |    4427 |   16995 |  79.3 |      32 |      81 |  71.7
      Elf:1 |   22905 |   10446 |  31.3 |      34 |      16 |  32.0
      Elf:2 |    8926 |    6033 |  40.3 |      16 |       5 |  23.8
      Elf:3 |   13932 |   39566 |  74.0 |      22 |      28 |  56.0
   Vaults:1 |   30123 |   26729 |  47.0 |      43 |      29 |  40.3
   Vaults:2 |   21232 |   17741 |  45.5 |      31 |      20 |  39.2
   Vaults:3 |   30085 |   34879 |  53.7 |      38 |      47 |  55.3
   Vaults:4 |   19990 |   17128 |  46.1 |      31 |      26 |  45.6
   Vaults:5 |   22012 |  171799 |  88.6 |      25 |     105 |  80.8
    Crypt:1 |   37454 |       0 |   0.0 |      48 |       0 |   0.0
    Crypt:2 |   25889 |       0 |   0.0 |      42 |       0 |   0.0
    Crypt:3 |   27515 |   52300 |  65.5 |      32 |      70 |  68.6
   Depths:1 |   36342 |    2895 |   7.4 |      46 |       1 |   2.1
   Depths:2 |   25540 |    4260 |  14.3 |      32 |       5 |  13.5
   Depths:3 |   22822 |   40459 |  63.9 |      20 |      24 |  54.5
   Depths:4 |   25773 |    4640 |  15.3 |      28 |       5 |  15.2
   Depths:5 |   39557 |   33073 |  45.5 |      41 |      24 |  36.9
      Zot:1 |    7290 |    2467 |  25.3 |       5 |       2 |  28.6
      Zot:2 |   19735 |       0 |   0.0 |      16 |       0 |   0.0
      Zot:3 |   10438 |   24282 |  69.9 |       9 |      17 |  65.4
      Zot:4 |   41419 |       0 |   0.0 |      23 |       0 |   0.0
      Zot:5 |   86751 |  178963 |  67.4 |      46 |      44 |  48.9
      IceCv |       0 |   25119 | 100.0 |       0 |      47 | 100.0
            +---------+---------+-------+---------+---------+-------
